 Dungeon Crawl Stone Soup version 0.26-a0-971-g1d9d62bb61 (webtiles) character file.

Game seed: 7056233919260312871

37 streetpizza the Conjurer (level 3, 28/28 HPs)
             Began as a Draconian Conjurer on Dec 4, 2020.
             Was a Follower of Yredelemnul.
             Quit the game on level 2 of the Dungeon.
             The game lasted 00:04:05 (1402 turns).

streetpizza the Conjurer (Draconian Conjurer)       Turns: 1402, Time: 00:04:06

Health: 28/28      AC:  6    Str:  9    XL:     3   Next: 21%
Magic:  5/6        EV: 12    Int: 19    God:    Yredelemnul [*.....]
Gold:   66         SH:  0    Dex:  9    Spells: 3/6 levels left

rFire    . . .     SeeInvis .   (no weapon)
rCold    . . .     Faith    .   (no shield)
rNeg     . . .     Spirit   .   (armour unavailable)
rPois    .         Reflect  .   (helmet restricted)
rElec    .         Harm     .   g - +0 cloak
rCorr    .         Rampage  .   (no gloves)
MR       .....                  (no boots)
Stlth    ++........             (no amulet)
HPRegen  0.09/turn              (no ring)
MPRegen  0.10/turn              (no ring)

@: no status effects
A: unfitting armour, cold-blooded, AC +5
a: Animate Remains, Renounce Religion


You were on level 2 of the Dungeon.
You worshipped Yredelemnul.
Yredelemnul was aware of your devotion.
You visited 1 branch of the dungeon, and saw 2 of its levels.

You collected 66 gold pieces.

Inventory:

Armour
 g - a +0 cloak (worn)
Jewellery
 j - a cursed ring of attention {unknown}
Scrolls
 a - a scroll of identify {unknown}
 b - a scroll of teleportation {unknown}
 f - a scroll of fear {unknown}
 i - a scroll of blinking {unknown}
Potions
 c - a potion of invisibility {unknown}
 d - a potion of ambrosia {unknown}
 e - 2 potions of heal wounds {unknown}
 h - a potion of lignification {unknown}


   Skills:
 + Level 1.1 Fighting
 + Level 2.2 Dodging
 - Level 1.7 Stealth
 + Level 2.3 Spellcasting
 * Level 4.4 Conjurations


You had 3 spell levels left.
You knew the following spells:

 Your Spells              Type           Power        Failure   Level
a - Magic Dart            Conj           ###.         2%          1
b - Searing Ray           Conj           ###...       4%          2

Your spell library contained the following spells:

 Spells                   Type           Power        Failure   Level
 Dazzling Flash           Conj/Hex       ##....       21%         3
 Fulminant Prism          Conj/Hex       ##........   54%         4
 Iskenderun's Mystic Bla  Conj/Tloc      ##......     54%         4


Dungeon Overview and Level Annotations

Branches:
Dungeon (2/15)

Altars:
Yredelemnul


Innate Abilities, Weirdness & Mutations

Your plain brown scales are hard. (AC +5)
You cannot fit into any form of body armour.
You are cold-blooded and may be slowed by cold attacks.


Message History

j - a glowing emerald ring
Found a faded altar of an unknown god.
A frilled lizard comes into view.
Casting: Magic Dart (safe; 2% risk of failure)
Confirm with . or Enter, or press ? or * to list all spells.
Aiming: Magic Dart (safe; 2% risk of failure)
Press: ? - help, Shift-Dir - straight line, f - frilled lizard
Aim: a frilled lizard (asleep, 0% to evade)
The magic dart hits the frilled lizard.
You kill the frilled lizard!
There is a faded altar of an unknown god here.
You cannot tell which god this altar belongs to.
Convert to them anyway?
Yredelemnul accepts your prayer! Yredelemnul welcomes you!
You can now animate remains.
Unknown command.
Press < or > to pray at altars.
Unknown command.
Press < or > to pray at altars.
Are you sure you want to abandon this character and quit the game? (Confirm with "yes".)

......### #.#...#
.# ......# # ##
.# # #.....# #.
.. ...#
#.....#..##.###.
.#.# ......#..#
..... ...#
..#..##..#
#...♣...#
.<...##..#
#..♣.♣..#
####.##..#
#.♣.@.♣.#
.....##..#
#..♣.♣..#
.######..#
#...♣...#
#######..#
#.......#
.........#
#...#####
########.####...#
#.........#
###########


There were no monsters in sight!

Vanquished Creatures
  2 oozes (D:1)
  3 leopard geckos (D:1)
  A ball python (D:1)
  5 bats (D:1)
  A giant cockroach (D:2)
  4 kobolds (D:1)
  8 frilled lizards
  A goblin (D:1)
  3 rats (D:1)
28 creatures vanquished.

Notes
Turn   | Place    | Note
-------+----------+-------------------------------------------
     0 | D:1      | streetpizza the Draconian Conjurer began the quest for the
                  | Orb.
     0 | D:1      | Reached XP level 1. HP: 14/14 MP: 3/3
   207 | D:1      | Reached XP level 2. HP: 22/22 MP: 3/5
   210 | D:1      | Learned a level 2 spell: Searing Ray
   566 | D:1      | You fall into a shaft and drop 1 floor!
   596 | D:2      | Reached skill level 1 in Fighting
   924 | D:1      | Reached XP level 3. HP: 22/28 MP: 0/6
  1392 | D:2      | Found a faded altar of an unknown god.
  1401 | D:2      | Became a worshipper of Yredelemnul the Dark
  1401 | D:2      | Reached * piety under Yredelemnul
  1402 | D:2      | Quit the game

Illustrated notes

Levels and vault maps discovered:
D:1:      onia_arrival_pyramid, layout_basic, minmay_pentomino_o4
D:2:      layout_basic, chequers_ecumenical_altar_simple_redux,
          grunt_ministairs_2, minmay_lizard_king

Skill      XL: |  1  2 |
---------------+-------+-----
Dodging        | 2 |  2.2
Fighting       | 1 |  1.1
Stealth        | |  1.7
Spellcasting   | |  2.3
Conjurations   | |  4.4

Action                   || total
-------------------------++-------
Melee: Unarmed           ||    21
 Cast: Magic Dart        ||    42
       Searing Ray       ||     1
Armor: Skin              ||    11
Dodge: Dodged            ||    12

Table legend: (Time is in decaauts)
 A = Elapsed time spent in this place.
 B = Non-inter-level travel time spent in this place.
 C = Inter-level travel time spent in this place.
 D = Time resting spent in this place.
 E = Time spent auto-exploring this place.
 F = Levels seen in this place.
 G = Mean time per level.
                   A        B        C        D        E       F      G
               +--------+--------+--------+--------+--------+-----+--------+
         Total |   1402 |   1372 |     30 |     31 |   1180 |   2 |  701.0 |
       Dungeon |   1402 |   1372 |     30 |     31 |   1180 |   2 |  701.0 |
               +--------+--------+--------+--------+--------+-----+--------+

Top non-repeatable levels by time:
     D:1: 1210 daAuts
     D:2: 192 daAuts
